 Dungeon Crawl Stone Soup version 0.22.1-1-ga44c0e56f4 (webtiles) character file.

81 Gargoyl the Skirmisher (level 4, 0/38 HPs)
             Began as a Centaur Abyssal Knight on Oct 1, 2018.
             Was a Believer of Lugonu.
             Killed by divine providence
             ... invoked by an orc priest
              (12 damage)
             ... on level 2 of the Dungeon on Oct 3, 2018.
             The game lasted 00:03:01 (1323 turns).

Gargoyl the Skirmisher (Centaur Abyssal Knight)     Turns: 1323, Time: 00:03:02

Health: 0/38       AC: 10    Str: 14    XL:     4   Next: 19%
Magic:  5/5        EV:  7    Int: 14    God:    Lugonu [**....]
Gold:   115        SH:  0    Dex: 10    Spells: 3/3 levels left

rFire    + . .     SeeInvis .   a - +1 hand axe
rCold    . . .     Gourm    .   (no shield)
rNeg     . . .     Faith    .   d - +4 scale mail {rPois}
rPois    +         Spirit   .   (no helmet)
rElec    .         Reflect  .   (no cloak)
rCorr    .         Harm     .   (no gloves)
MR       .....                  (no barding)
Stlth    ..........             (no amulet)
HPRegen  0.12/turn              f - ring of protection from fire
MPRegen  0.09/turn              b - +3 ring of intelligence

@: drained, very quick
A: large, hooves 3, deformed body, speed 2, tough skin 3
a: Depart the Abyss, Bend Space, Renounce Religion


You were on level 2 of the Dungeon.
You worshipped Lugonu.
Lugonu was pleased with you.
You were not hungry.

You visited 1 branch of the dungeon, and saw 2 of its levels.
You visited the Abyss 1 time.

You collected 115 gold pieces.

Inventory:

Hand Weapons
 a - a +1 hand axe (weapon)
Armour
 d - a +4 scale mail of poison resistance (worn)
Jewellery
 b - a +3 ring of intelligence (right hand)
 f - a ring of protection from fire (left hand)
Scrolls
 e - a scroll of remove curse
 h - a scroll of identify
Potions
 g - a potion of heal wounds
 i - a potion of might {unknown}
 j - a potion of curing {unknown}
 k - 2 potions of haste {unknown}
Comestibles
 c - 5 rations


   Skills:
 + Level 3.5(2.6) Fighting
 + Level 2.3(1.4) Axes
 * Level 2.1(1.3) Armour
 + Level 1.1(0.3) Dodging
 * Level 2.5(1.7) Invocations


You had 3 spell levels left.
You didn't know any spells.
Your spell library was empty.

Dungeon Overview and Level Annotations

Branches:
Dungeon (2/15)

Altars:
Elyvilon
Hepliaklqana
Makhleb


Innate Abilities, Weirdness & Mutations

You have hooves in place of feet.
Armour fits poorly on your strangely shaped body.
You cover ground very quickly.
You have extremely tough skin. (AC +3)


Message History

Unknown command.
The orc hits you but does no damage.
Unknown command.
The orc hits you but does no damage.
You feel drained. The orc priest barely misses you.
Unknown command.
You slash the orc priest!
The orc priest is severely wounded.
You barely miss the orc. x2; The orc hits you but does no damage.
You feel drained. The orc priest barely misses you.
Unknown command.
You closely miss the orc. You kick the orc.
The orc is moderately wounded.
You hit the orc priest. You hit the orc wizard.
You feel less confused.
The orc hits you with a dagger of draining.
You feel drained.
The orc priest invokes the aid of Beogh against you.
Beogh smites you!
You die...

..# ######.# #####
..##......#
##$⌠$###.##.######
##.....##..#.#
#.......#..#.#
#.≈...≈.#..#.#
#.......#....#
#..o....#..###
#.@o....#..#
#.oo..≈.#..#
#..#.......#.##
.......)))...#
#........#####
#.######## #. .


You could see an orc priest, an orc wizard and 2 orcs.

Vanquished Creatures
  Jessica (D:2)
  A dart slug (D:1)
  4 orcs (D:2)
  5 bats
  A giant cockroach (D:2)
  4 goblins
  8 hobgoblins
  5 kobolds
  2 quokkas (D:2)
  A ball python (D:1)
  7 frilled lizards
  8 rats
47 creatures vanquished.

Notes
Turn   | Place    | Note
-------+----------+-------------------------------------------
     0 | Abyss:1  | Gargoyl the Centaur Abyssal Knight began the quest for the
                  | Orb.
     0 | Abyss:1  | Reached XP level 1. HP: 19/19 MP: 2/2
     5 | Abyss:1  | Found a corrupted altar of Lugonu.
    12 | Abyss:1  | Found a corrupted altar of Lugonu.
    69 | Abyss:1  | Noticed a tentacled starspawn
   141 | Abyss:2  | Noticed an apocalypse crab
   146 | D:1      | Escaped the Abyss
   314 | D:1      | Reached * piety under Lugonu
   314 | D:1      | Reached XP level 2. HP: 18/26 MP: 3/3
   889 | D:1      | Reached XP level 3. HP: 30/31 MP: 4/4
   923 | D:2      | Found a burning altar of Makhleb.
   923 | D:2      | Found a hazy altar of Hepliaklqana.
   951 | D:2      | Noticed Jessica
   962 | D:2      | Reached skill level 1 in Dodging
   975 | D:2      | Killed Jessica
  1196 | D:2      | Reached XP level 4. HP: 38/38 MP: 5/5
  1202 | D:2      | Reached ** piety under Lugonu
  1256 | D:2      | Found a white marble altar of Elyvilon.
  1323 | D:2      | Killed from afar by an orc priest

Skill      XL: |  1  2  3 |
---------------+----------+-----
Axes           | 2 |  2.3
Dodging        | 1 |  1.1
Armour         | 2 |  2.1
Fighting       | |  3.5
Invocations    | |  2.5

Action                   |  1- 3 |  4- 6 || total
-------------------------+-------+-------++-------
Melee: Hand axe          |    82 |    18 ||   100
       Kick              |    10 |     4 ||    14
Invok: Depart the Abyss  |     1 |       ||     1
  Use: Scroll            |     8 |       ||     8
  Eat: Chunk             |       |     1 ||     1
Armor: Scale mail        |    78 |    20 ||    98
       Leather armour    |     1 |       ||     1
Dodge: Dodged            |    56 |    17 ||    73
